 Dungeon Crawl Stone Soup version 0.29-a0-284-gf9362112df (webtiles) character file.

Game seed: 4848041907525264593

14 ImHallYall the Grasshopper (level 2, -1/22 HPs)
             Began as a Human Warper on Mar 24, 2022.
             Succumbed to an adder's poison
             ... on level 2 of the Dungeon.
             The game lasted 00:02:43 (1112 turns).

ImHallYall the Grasshopper (Human Warper)           Turns: 1112, Time: 00:02:44

Health: -1/22      AC:  3    Str: 11    XL:     2   Next: 55%
Magic:  5/5        EV: 11    Int: 13    God:
Gold:   32         SH:  0    Dex: 12    Spells: 5/5 levels left

rFire   . . .      SeeInvis .   g - +0 spear
rCold   . . .      Faith    .   (no shield)
rNeg    . . .      Spirit   .   b - +0 leather armour
rPois   .          Reflect  .   (no helmet)
rElec   .          Harm     .   (no cloak)
rCorr   .          Rampage  .   (no gloves)
Will    .....                   (no boots)
Stlth   +.........              (no amulet)
HPRegen 0.07/turn               (no ring)
MPRegen 0.09/turn               (no ring)

@: lethally poisoned (-1 -> -7)
A: no striking features
a: no special abilities


You were on level 2 of the Dungeon.
You visited 1 branch of the dungeon, and saw 2 of its levels.

You collected 32 gold pieces.

Inventory:

Hand Weapons
 a - a +0 short sword
 f - a +0 club
 g - a +0 spear (weapon)
Missiles
 d - 3 boomerangs of dispersal (quivered)
Armour
 b - a +0 leather armour (worn)
Scrolls
 c - a scroll of blinking
 e - a scroll of torment {unknown}


   Skills:
 + Level 2.1 Fighting
 + Level 2.1 Short Blades
 + Level 1.1 Throwing
 + Level 1.0 Armour
 + Level 2.2 Dodging
 + Level 2.1 Spellcasting
 + Level 3.2 Translocations


You had 5 spell levels left.
You didn't know any spells.
Your spell library contained the following spells:

 Spells                   Type           Power      Damage    Failure   Level
 Blink                    Tloc           18%        N/A       13%         2
 Gell's Gravitas          Tloc           9%         N/A       26%         3
 Lesser Beckoning         Tloc           9%         N/A       26%         3
 Teleport Other           Tloc           9%         N/A       26%         3
 Manifold Assault         Tloc           9%         N/A       94%         5


Dungeon Overview and Level Annotations

Branches:
Dungeon (2/15)

Altars:


Message History

Throw: 5 boomerangs (disperse)
Press: ? - help, Q - select action Shift-Dir - straight line, f/p - adder
Aim: an adder (38% to hit)
You throw a boomerang of dispersal.
The boomerang of dispersal hits the adder but does no damage.
The adder misses you. The adder barely misses you.
Throw: 4 boomerangs (disperse)
Press: ? - help, Q - select action Shift-Dir - straight line, f/p - adder
Aim: an adder (38% to hit)
You throw a boomerang of dispersal.
The boomerang of dispersal misses the adder.
The adder bites you.
You miss the adder. The adder bites you but does no damage.
The adder barely misses you.
You closely miss the adder. The adder closely misses you.
You miss the adder. The adder bites you but does no damage.
The adder barely misses you.
You closely miss the adder. The adder bites you.
You are poisoned.
The adder poisons you!
You miss the adder.
You feel sick. The adder barely misses you. The adder closely misses you.
You hit the adder.
The adder is heavily wounded.
You feel sick. The adder barely misses you.
You hit the adder.
The adder is severely wounded.
You feel sick.
The adder bites you but does no damage. x2
You hit the adder but do no damage.
The adder is severely wounded.
You feel sick. The adder bites you but does no damage.
You closely miss the adder.
The adder is severely wounded.
You feel sick. The adder bites you.
* * * LOW HITPOINT WARNING * * *
You are more poisoned.
The adder poisons you!
You miss the adder.
The adder is severely wounded.
You die...

#.....##.######
##..#.##.# #.......#
#.......# #
###...### ##.##
#...# ...... #...#
......######...#####
........S@..........
....................
...........†........
....########...#####
.#. #...# # #...#
#...# #..$# ...#


You could see an adder.

Vanquished Creatures
  An endoplasm (D:2)
  A goblin (D:2)
  2 hobgoblins
  4 jackals (D:1)
  2 ball pythons (D:1)
  A frilled lizard (D:1)
11 creatures vanquished.

Notes
Turn   | Place    | Note
-------+----------+-------------------------------------------
     0 | D:1      | ImHallYall the Human Warper began the quest for the Orb.
     0 | D:1      | Reached XP level 1. HP: 16/16 MP: 3/3
   345 | D:1      | Reached XP level 2. HP: 14/22 MP: 5/5
  1111 | D:2      | HP: 1/22 [adder (2)]
  1112 | D:2      | Succumbed to an adder's poison

Illustrated notes

Levels and vault maps discovered:
D:1:      dpeg_arrival_short_road, layout_loops_ring,
          shapermc_ecumenical_altar_mp_urbaneastern
D:2:      layout_loops_cross, serial_shops, nicolae_shop_statue_plus

Action                   || total
-------------------------++-------
Melee: Short sword       ||    65
       Spear             ||    10
       Punch             ||     1
Throw: Boomerang         ||     4
Armor: Leather armour    ||    20
Dodge: Dodged            ||    63

Table legend: (Time is in decaauts)
 A = Elapsed time spent in this place.
 B = Non-inter-level travel time spent in this place.
 C = Inter-level travel time spent in this place.
 D = Time resting spent in this place.
 E = Time spent auto-exploring this place.
 F = Levels seen in this place.
 G = Mean time per level.
                   A        B        C        D        E       F      G
               +--------+--------+--------+--------+--------+-----+--------+
         Total |   1113 |   1113 |      0 |    660 |    111 |   2 |  556.5 |
       Dungeon |   1113 |   1113 |      0 |    660 |    111 |   2 |  556.5 |
               +--------+--------+--------+--------+--------+-----+--------+

Top non-repeatable levels by time:
     D:1: 632 daAuts
     D:2: 481 daAuts
